Map: Deathaura LE

Players

AgoElazer (Elazer)

  • Race: Zerg Zerg
  • Spawn Location: 11:00

maru - Winner!

  • Race: Terran Terran
  • Spawn Location: 5:00

Event: TSL 6

VOD

Have the link to the VOD?

Description

Time

  • Played on: Dec. 20, 2020, 12:54 p.m.
  • Length: 12:48

All games in this series

Show
View Real Time Build Order
Export as new Build Order

AgoElazer Zerg 

Build Orders: Hatch First 

Get SALT Encoding   

  12  0:00  Drone  
  13  0:12  Overlord  
  13  0:17  Drone  
  14  0:30  Drone x2  
  16  0:49  Hatchery  
  15  0:52  Drone  
  15  0:55  Drone  
  17  0:58  Drone  
  18  1:09  Extractor  
  17  1:14  Spawning Pool  
  17  1:17  Drone  
  17  1:20  Drone  
  18  1:28  Drone  
  19  1:39  Drone  
  20  1:50  Drone  
  21  2:01  Queen x2  
  21  2:02  Zergling x2, Overlord  
  26  2:12  Zergling x2  
  26  2:13  Drone, Metabolic Boost  
  28  2:22  Drone  
  29  2:23  Drone  
  30  2:33  Hatchery  
  30  2:36  Drone  
  30  2:39  Drone  
  31  2:46  Queen  
  31  2:51  Overlord  
  33  2:55  Drone x2  
  35  3:01  Drone  
  35  3:04  Overlord  
  36  3:10  Queen, Drone  
  39  3:14  Drone x2  
  39  3:19  Drone  
  42  3:23  Queen  
  44  3:28  Drone x3  
  44  3:32  Overlord  
  47  3:38  Zergling x2  
  47  3:44  Zergling x4  
  47  3:46  Queen  
  47  3:47  Drone x2  
  53  3:52  Drone x2  
  55  3:56  Drone x4  
  59  4:03  Queen  
  59  4:05  Overlord  
  59  4:07  Drone  
  59  4:08  Drone  
  63  4:11  Evolution Chamber  
  63  4:14  Baneling Nest  
  61  4:17  Zergling x6  
  64  4:32  Zergling x2  
  64  4:37  Overlord  
  65  4:38  Zerg Ground Armor Level 1  
  65  4:46  Queen  
  65  4:49  Overlord  
  65  4:53  Overlord  
  65  4:55  Drone x8  
  65  4:58  Overlord  
  73  5:00  Lair  
  73  5:01  Extractor  
  73  5:02  Extractor  
  73  5:04  Roach Warren  
  70  5:09  Overlord, Drone  
  70  5:10  Drone x4  
  74  5:14  Overlord  
  74  5:15  Drone x4  
  74  5:18  Drone  
  79  5:25  Extractor, Drone x3  
  79  5:26  Extractor  
  80  5:28  Overlord  
  80  5:29  Drone x2  
  82  5:37  Drone x2  
  82  5:42  Drone  
  85  5:51  Hatchery  
  85  5:53  Zergling x10  
  85  5:54  Zergling x4  
  85  5:55  Overlord  
  91  5:57  Glial Reconstitution  
  91  5:59  Roach x4  
  99  6:04  Roach  
  99  6:08  Roach  
  99  6:09  Roach  
  105  6:13  Overlord  
  105  6:16  Overlord  
  105  6:17  Overlord  
  105  6:21  Roach  
  105  6:22  Roach x2  
  111  6:26  Roach  
  111  6:31  Overlord  
  113  6:33  Roach x4  
  113  6:35  Roach x3  
  127  6:40  Zerg Ground Armor Level 2  
  127  6:43  Roach  
  127  6:45  Overlord  
  128  6:51  Roach x5  
  138  6:57  Roach  
  138  6:58  Roach  
  138  7:00  Baneling  
  138  7:01  Baneling x8  
  142  7:03  Baneling  
  142  7:04  Zergling x2  
  142  7:05  Zergling x2  
  144  7:11  Zergling x16  
  144  7:12  Overseer  
  142  7:23  Zergling x14  
  149  7:31  Overlord  
  149  7:33  Zergling x4  
  146  7:39  Overlord  
  139  7:47  Drone x10  
  139  7:48  Overseer  
  130  7:59  Queen  
  130  8:00  Drone x4  
  130  8:04  Overlord  
  120  8:07  Centrifical Hooks  
  120  8:08  Drone x2  
  120  8:09  Drone x3, Evolution Chamber, Overseer  
  122  8:19  Drone x6  
  126  8:20  Infestation Pit  
  126  8:24  Overlord  
  126  8:27  Drone x2  
  127  8:35  Overlord  
  127  8:36  Zergling x14  
  127  8:37  Extractor  
  127  8:38  Hatchery  
  127  8:39  Zerg Melee Weapons Level 1  
  131  8:51  Extractor, Drone x3  
  131  8:54  Spore Crawler  
  131  8:55  Zergling x2  
  133  8:56  Infestor x2, Hatchery  
  133  8:58  Hive  
  133  9:00  Baneling x6  
  129  9:13  Zergling x14  
  129  9:14  Zerg Missile Weapons Level 1  
  136  9:18  Zergling x2  
  136  9:19  Zergling x16  
  145  9:29  Drone  
  146  9:34  Spore Crawler x2  
  146  9:35  Drone x3  
  146  9:37  Zergling x8  
  151  9:40  Burrow, Hatchery  
  150  9:49  Overlord, Spore Crawler  
  150  9:50  Ravager  
  150  9:51  Zergling x2, Ravager x4  
  150  9:52  Zergling x18  
  164  9:57  Baneling x3  
  164  9:58  Baneling  
  163  10:01  Zergling x2  
  163  10:02  Zergling x6  
  167  10:09  Extractor  
  167  10:10  Drone x3  
  167  10:12  Drone  
  167  10:13  Ultralisk Cavern  
  169  10:26  Hatchery, Drone x5  
  169  10:27  Drone x6  
  164  10:29  Queen  
  164  10:34  Drone x3  
  165  10:38  Viper  
  165  10:39  Viper  
  171  10:44  Pneumatized Carapace  
  171  10:48  Overseer  
  173  10:50  Drone x9  
  173  10:55  Drone x4  
  174  11:00  Drone  
  161  11:19  Infestor  
  161  11:20  Zergling x28  
  177  11:34  Ultralisk x2  
  177  11:48  Ultralisk Cavern  
  171  11:57  Hatchery  
  171  11:58  Drone x10  
  177  12:02  Queen x2  
  178  12:11  Drone  
  178  12:13  Drone x6  
  178  12:14  Zergling x2  
  139  12:30  Zergling x2  
  139  12:31  Zergling x20  
Show
View Real Time Build Order
Export as new Build Order

maru Terran - Winner!

Build Orders: Liberator Opening 

Get SALT Encoding   

  12  0:00  SCV  
  13  0:12  SCV  
  14  0:18  Supply Depot  
  14  0:24  SCV  
  15  0:39  SCV  
  15  0:40  Barracks  
  16  0:43  Refinery  
  16  0:51  SCV  
  17  1:03  SCV  
  18  1:16  SCV  
  19  1:26  Marine  
  19  1:28  Orbital Command  
  20  1:39  Command Center  
  20  1:50  Factory  
  20  1:53  SCV  
  21  2:04  Barracks Reactor  
  21  2:05  SCV  
  21  2:07  Supply Depot  
  22  2:13  Refinery  
  22  2:17  SCV  
  24  2:30  SCV  
  24  2:36  Hellion  
  26  2:40  Marine x2  
  26  2:41  Starport  
  26  2:42  SCV  
  29  2:52  Orbital Command  
  29  2:54  SCV  
  32  2:58  Hellion  
  32  3:00  Marine  
  32  3:01  Marine  
  34  3:06  SCV  
  35  3:17  SCV  
  35  3:18  Medivac, SCV  
  39  3:23  Supply Depot, Marine x2  
  41  3:28  Factory Tech Lab  
  41  3:30  SCV  
  41  3:31  SCV  
  43  3:42  SCV  
  43  3:43  SCV  
  45  3:51  Liberator  
  45  3:54  SCV  
  49  3:55  Supply Depot  
  49  4:04  Stimpack, Marine  
  49  4:05  Command Center  
  49  4:08  SCV x2  
  52  4:20  SCV  
  52  4:21  SCV  
  52  4:23  Barracks  
  54  4:26  Barracks  
  54  4:30  Marine  
  54  4:31  Factory Reactor  
  55  4:32  SCV  
  55  4:33  SCV  
  57  4:39  Engineering Bay x2, Starport Reactor  
  57  4:44  SCV  
  59  4:45  SCV  
  59  4:52  Supply Depot  
  57  4:53  Refinery  
  57  4:54  Marine  
  57  4:56  SCV  
  57  4:57  SCV  
  60  5:06  Terran Infantry Armor Level 1, Terran Infantry Weapons Level 1  
  60  5:08  SCV  
  60  5:09  SCV  
  59  5:17  Orbital Command  
  59  5:20  SCV, Marine x5  
  65  5:22  Medivac, Factory Reactor, SCV  
  65  5:25  Supply Depot  
  68  5:28  Refinery  
  68  5:29  Medivac  
  68  5:32  SCV  
  71  5:37  Marine x2  
  71  5:39  Orbital Command  
  71  5:40  Marine  
  71  5:41  Marine  
  75  5:44  SCV x2  
  75  5:45  Supply Depot  
  75  5:48  Combat Shield  
  77  5:50  Supply Depot, Marine  
  77  5:55  Marine x2  
  77  5:56  SCV  
  81  5:59  Widow Mine  
  81  6:00  Widow Mine, SCV  
  86  6:05  Armory  
  86  6:06  SCV  
  86  6:07  Marine  
  86  6:08  SCV  
  89  6:12  SCV, Marine x2  
  89  6:13  Marine  
  94  6:18  SCV  
  94  6:19  Marine  
  94  6:22  Supply Depot  
  94  6:25  Marine  
  95  6:26  Medivac x2  
  95  6:29  SCV  
  100  6:35  Supply Depot  
  100  6:37  Supply Depot  
  100  6:38  SCV x2  
  106  6:41  SCV  
  106  6:42  Supply Depot  
  106  6:46  Supply Depot  
  103  6:50  SCV x2  
  103  6:52  Factory Tech Lab  
  103  6:53  Marine x4  
  109  6:59  Factory, SCV  
  109  7:00  Barracks  
  110  7:02  Barracks, SCV  
  110  7:06  Marauder  
  113  7:11  Marine x2  
  113  7:14  SCV  
  113  7:15  Terran Infantry Armor Level 2, Terran Infantry Weapons Level 2  
  116  7:17  SCV  
  116  7:21  Marine x2  
  114  7:25  Siege Tank  
  114  7:26  Medivac  
  114  7:27  Marauder  
  114  7:28  Marine  
  120  7:36  Marine  
  121  7:37  Orbital Command  
  118  7:45  Orbital Command  
  118  7:49  SCV  
  108  7:51  Marauder  
  108  7:52  Factory Tech Lab  
  104  7:58  Marine  
  104  8:00  Barracks Tech Lab  
  104  8:02  Siege Tank  
  104  8:04  Supply Depot  
  102  8:06  Medivac  
  102  8:07  SCV  
  102  8:08  SCV  
  102  8:09  Supply Depot  
  106  8:13  Supply Depot  
  106  8:30  Marine  
  106  8:31  SCV x2  
  106  8:32  SCV, Marine  
  109  8:34  Marine x2  
  109  8:35  Marauder x2  
  109  8:36  Factory Reactor  
  109  8:38  Drilling Claws  
  115  8:43  SCV  
  116  8:49  Supply Depot  
  116  8:50  Supply Depot, Siege Tank  
  116  8:51  Command Center  
  116  8:52  Marine x2  
  116  8:53  Marine  
  122  8:56  Marauder  
  122  8:59  Supply Depot  
  122  9:00  Supply Depot  
  124  9:11  Marauder, Medivac x2, Command Center  
  124  9:13  SCV x2  
  124  9:14  Supply Depot  
  124  9:16  Supply Depot  
  133  9:17  SCV  
  133  9:21  Widow Mine  
  133  9:22  Widow Mine  
  137  9:25  SCV  
  137  9:28  SCV  
  137  9:29  SCV  
  135  9:33  Widow Mine  
  135  9:36  Marauder, Marine x3  
  135  9:37  Barracks, Marauder, Marine  
  145  9:41  Barracks x2  
  145  9:42  Supply Depot  
  145  9:43  Widow Mine x2  
  149  9:46  Terran Infantry Weapons Level 3  
  149  9:47  Refinery  
  149  9:48  Refinery  
  149  9:51  Medivac  
  151  9:55  Widow Mine  
  151  9:57  SCV  
  154  10:00  Marine x3  
  154  10:01  Marine x5  
  154  10:04  Widow Mine  
  164  10:08  Widow Mine  
  164  10:12  Supply Depot  
  166  10:16  Widow Mine  
  166  10:18  Marine x2  
  166  10:19  Marauder  
  172  10:23  Supply Depot  
  172  10:26  Widow Mine  
  168  10:28  Concussive Shells  
  168  10:29  Marauder, Widow Mine, Marine  
  168  10:36  Marine  
  168  10:38  Barracks Tech Lab, Marine  
  168  10:39  Barracks Tech Lab, Marauder  
  168  10:40  Marauder  
  168  10:41  SCV x3  
  177  10:45  Terran Vehicle And Ship Armor Level 1  
  177  10:51  Marauder  
  177  10:52  Widow Mine x2  
  177  10:53  SCV  
  177  10:56  Marine  
  187  10:57  Marauder  
  187  10:59  Marine x2  
  187  11:00  Marauder  
  187  11:06  Marauder, Marine  
  187  11:14  Marauder, Marine  
  187  11:16  Marauder, Marine x2  
  172  11:20  Marauder, Marine x2  
  172  11:21  Marauder  
  172  11:24  Marine  
  179  11:28  Marauder  
  179  11:29  Planetary Fortress  
  179  11:32  Marine  
  182  11:33  Marine  
  182  11:36  Marauder  
  185  11:46  Marine  
  180  11:48  Marauder x2, Marine x3  
  180  11:56  Widow Mine  
  180  11:57  Widow Mine  
  180  11:59  Medivac x2  
  188  12:01  Command Center  
  188  12:05  Command Center  
  186  12:08  Marine x2  
  186  12:09  Marauder x2  
  186  12:10  Widow Mine  
  189  12:18  Widow Mine  
  189  12:22  Marine  
  190  12:23  Marauder x2  
  190  12:27  Marine x2  
Tags
 
Add a new tag
Caveats
  • Supply blocks, unpowered buildings, or Contaminate may cause inaccurate times.
  • Supply counts are checked every 10 seconds.